 Dungeon Crawl Stone Soup version 0.31-a0-986-g5e6e4ef867 (webtiles) character file.

Game seed: 6849856890745847032

2 Skeral the Sneak (level 1, 0/10 HPs)
             Began as a Felid Delver on Nov 14, 2023.
             Slain by a quokka (4 damage)
             ... while paralysed by Ijyb
             ... on level 3 of the Dungeon.
             The game lasted 00:01:49 (284 turns).

Skeral the Sneak (Felid Delver)                      Turns: 284, Time: 00:01:50

Health: 0/10       AC:  1    Str:  8    XL:     1   Next: 33%
Magic:  2/2        EV:  4    Int: 11    God:
Gold:   24         SH:  0    Dex: 17    Spells: 0/0 levels left
                                        Lives:  0   Deaths: 1

rFire   . .          .
                       - Unarmed
rCold   . . .        (shield unavailable)
rNeg    . . .        (body armour unavailable)
rPois   .            (helmet unavailable)
rElec   .            (cloak unavailable)
rCorr   .            (gloves unavailable)
SInv    +            (boots unavailable)
Will    .....        (no amulet)
Stlth   ++++         (no ring)
HPRegen 0.21/turn    (no ring)
MPRegen 0.08/turn

%: no passive effects
@: paralysed, quick
A: very small, claws 1, fangs 3, see invisible, speed 1, shaggy fur 1, stealthy
paws, no weapons or thrown items, no armour, multi-lived
a: no special abilities


You were on level 3 of the Dungeon.
You visited 1 branch of the dungeon, and saw 3 of its levels.

You collected 24 gold pieces.


Innate Abilities, Weirdness & Mutations

You have sharp claws.
You have razor-sharp teeth.
You have supernaturally acute eyesight. (SInv)
You cover ground quickly. (Speed+)
You are covered in fur. (AC +1)
Your paws help you pounce on unaware monsters.
You are incapable of wielding weapons or throwing items.
You cannot wear armour.
You gain extra lives every three experience levels.


   Skills:
 + Level 3.0 Fighting
 - Level 2.6 Dodging
 + Level 6.6 Stealth
 + Level 2.1 Unarmed Combat


You couldn't memorise any spells.
You didn't know any spells.
Your spell library was empty.

Inventory:

Wands
 e - a wand of digging (3)
Scrolls
 a - a scroll of fog
 b - a scroll of revelation
 c - a scroll of fear
Potions
 d - a potion of haste {@q3}
 f - a potion of might {unknown}

Dungeon Overview and Level Annotations

Branches:
Dungeon (5/15) Zot: 23766
 Temple: D:4-7

Altars:

Annotations:
D:3 Ijyb

##.# .. ##...#
.# .#.....##.#
........#$#
..........#
..........#####
...g..b........
.......@.#
##....r#.#
##...##g# ####
#.# #.# #.# #.#
##.# #####..#


You could see Ijyb, a quokka, a goblin (wandering) and a bat.


Message History

🤖 Initializing magus.rc ...
Options error: Missing colour in message_colour setting: 'and you must be Full or above to equip it' Options error: Missing colour in message_colour setting: 'but rights himself reflexively soon after' Options error: Missing colour in message_colour setting: 'before it is too late' ✅ Successfully initialized magus.rc [v1.10.3] Welcome, Skeral the Felid Delver.
If you return without finding the Orb of Zot, so far below, it's all over!
Press ? for a list of commands and other information.
Found a stone staircase leading down.
A gnoll comes into view. It is wielding a +0 whip.
A gnoll comes into view. It is wielding a +0 whip.
A gnoll comes into view. It is wielding a +0 club.
The gnoll shouts!
A gnoll comes into view. It is wielding a +0 spear.
You open the door.
Found an escape hatch in the floor.
There is an open door here.
You scratch the gnoll. The gnoll hits you with a +0 club!
Ouch! That really hurt!
You die...
You rejoin the land of the living...
You open the door.
There is an open door here.
You open the door.
A howler monkey comes into view.
You close the door.
As you read the scroll of revelation, it crumbles to dust.
You feel aware of your surroundings.
You sensed 1 shop/portal.
There is an open door here.
Found a stone staircase leading down.
You now have 14 gold pieces.
b - a scroll of revelation
Found a stone staircase leading up.
An adder comes into view.
There is a stone staircase leading up here.
You climb upwards.
There is a stone staircase leading down here.
f - a green potion A kobold comes into view.
It is wielding a +0 club and quivering poisoned darts.
The kobold barely misses you.
You scratch the kobold.
You kill the kobold!
Things that are here:
a +0 club; 2 poisoned darts You now have 24 gold pieces (gained 10).
Found a stone staircase leading up.
Found a leather armour.
Found an escape hatch in the floor.
There is a stone staircase leading up here.
You climb upwards.
There is a stone staircase leading down here.
Ijyb the Twisted Goblin comes into view.
She is wielding a +0 club, wearing a +2 leather armour of fire resistance and carrying a wand of paralysis.
There is a stone staircase leading down here.
You see here a +0 plate armour.
You see here a +0 plate armour.
A hobgoblin comes into view.
A kobold comes into view.
It is wielding a +0 dagger and quivering poisoned darts.
The helpless kobold fails to defend itself.
You mangle the kobold!!
You kill the kobold!
A hobgoblin is nearby!
The hobgoblin shouts!
You scratch the hobgoblin. The hobgoblin hits you. 😕 HP[-1]
You take 1 damage, and now have 9/10 hp.
You scratch the hobgoblin. The hobgoblin barely misses you.
You barely miss the hobgoblin. You claw the hobgoblin.
You kill the hobgoblin! 😎 HP[+1]
Your hp is fully restored (10).
Things that are here:
4 stones; a hobgoblin corpse A bat comes into view.
The bat moves out of view.
Ijyb shouts!
Ijyb zaps a wand.
You suddenly lose the ability to move!
A goblin comes into view. It is wielding a +0 club.
Ijyb zaps a wand.
You shrug off the repeated paralysis!
You can move again.
Ijyb zaps a wand.
You resist with significant effort.
There is a stone staircase leading down here.
There is a stone staircase leading down here.
A quokka comes into view.
The quokka moves out of view.
Ijyb zaps a wand.
You suddenly lose the ability to move!
The quokka bites you.
The quokka bites you but does no damage.
The quokka bites you.
* * * LOW HITPOINT WARNING * * *
The quokka barely misses you. The quokka bites you.
* * * LOW HITPOINT WARNING * * *
The bat hits you but does no damage. The quokka bites you.
You die...

Action                     || total
---------------------------++-------
  Melee: Unarmed           ||     6
         Punch             ||     1
    Use: Scroll            ||     1
   Stab: Sleeping          ||     1
 Armour: Skin              ||     8
  Dodge: Dodged            ||     3

Levels and vault maps discovered:
D:3:      layout_loops_ring, serial_aquarium, aquarium_bridge_straight
          [aquarium_subvault_bridge, aquarium_subvault_wall,
          aquarium_subvault_bridge, aquarium_subvault_balcony],
          aquarium_bridge_straight [aquarium_subvault_bridge,
          aquarium_subvault_window, aquarium_subvault_bridge,
          aquarium_subvault_window], aquarium_window_1, aquarium_window_2,
          aquarium_window_fake, aquarium_window_fake, aquarium_view_2e,
          minmay_shallow_snake_nest, uniq_ijyb, uniq_grinder
D:4:      layout_cave_pods, xom_butterflies, kennysheep_mini_moat, uniq_pikel
D:5:      layout_gridville, serial_shops, nicolae_inconvenience_store,
          kennysheep_crisscross

Notes
Turn   | Place    | Note
-------+----------+-------------------------------------------
     0 | D:5      | Skeral the Felid Delver began the quest for the Orb.
     0 | D:5      | Reached XP level 1. HP: 10/10 MP: 2/2
     0 | D:5      | magus.rc [v1.10.3]
    23 | D:5      | Slain by a gnoll
    34 | D:5      | Noticed a howler monkey
   124 | D:3      | Noticed Ijyb
   246 | D:3      | Paralysed by Ijyb for 5 turns
   279 | D:3      | Paralysed by Ijyb for 5 turns
   284 | D:3      | Slain by a quokka

Vanquished Creatures
  A hobgoblin (D:3)
  2 kobolds
3 creatures vanquished.

Table legend:
 A = Non-vault XP
 B = Vault XP
 C = Vault XP percentage of total XP
 D = Non-vault monster count
 E = Vault monster count
 F = Vault count percentage of total count
                 A         B        C        D         E       F
            +---------+---------+-------+---------+---------+-------
      Total |       4 |       0 |   0.0 |       3 |       0 |   0.0
            +---------+---------+-------+---------+---------+-------
        D:3 |       3 |       0 |   0.0 |       2 |       0 |   0.0
        D:4 |       1 |       0 |   0.0 |       1 |       0 |   0.0
            +---------+---------+-------+---------+---------+-------

Action                     || total
---------------------------++-------
  Melee: Unarmed           ||     6
         Punch             ||     1
    Use: Scroll            ||     1
   Stab: Sleeping          ||     1
 Armour: Skin              ||     8
  Dodge: Dodged            ||     3

Illustrated notes

Table legend:
 A = Kills in this place as a percentage of kills in the entire game.
 B = Kills by you in this place as a percentage of kills by you in the entire game.
 C = Kills by friends in this place as a percentage of kills by friends in the entire game.
 D = Other kills in this place as a percentage of other kills in the entire game.
 E = Experience gained in this place as a percentage of experience gained in the entire game.
 F = Experience gained in this place divided by the number of levels of this place that you have seen.
                   A       B       C       D       E      F
               +-------+-------+-------+-------+-------+----------------------
         Total | 100.0 | 100.0 |   N/A |   N/A | 100.0 |   1.3
       Dungeon | 100.0 | 100.0 |   N/A |   N/A | 100.0 |   1.3
               +-------+-------+-------+-------+-------+----------------------

Table legend: (Time is in decaauts)
 A = Elapsed time spent in this place.
 B = Non-inter-level travel time spent in this place.
 C = Inter-level travel time spent in this place.
 D = Time resting spent in this place.
 E = Time spent auto-exploring this place.
 F = Levels seen in this place.
 G = Mean time per level.
                   A        B        C        D        E       F      G
               +--------+--------+--------+--------+--------+-----+--------+
         Total |    232 |    213 |     19 |      0 |      0 |   3 |   77.3 |
       Dungeon |    232 |    213 |     19 |      0 |      0 |   3 |   77.3 |
               +--------+--------+--------+--------+--------+-----+--------+

Top non-repeatable levels by time:
     D:3: 133 daAuts
     D:5: 65 daAuts
     D:4: 34 daAuts
